AoeStats
← 泰拉第一老女人-凯尔希

Arena

509300561Analyzed
2v2 RM · 5d ago on Sep 26, 2026· 42m 39s· 4 players
Game mode
Random Map
Map size
Medium (4 player)
Population
200
Speed
Normal
Resources
Standard
Victory
Conquest
Starting age
Dark Age
Ending age
Imperial Age
RankedLock teamsTeams togetherTeam positionsShared explorationLock speedFull tech treeHidden civsTurbo modeCheats
Victory
Defeat
883
+14
830
+16
🇻🇳 Huns · Vietnam
832
-15
🇻🇳 Saxons · Vietnam
824
-15
Captain Shine
0:33 Loom
10:19 Feudal Age
10:48 Double-Bit Axe
10:44 Horse Collar
19:21 Castle Age
19:50 Gold Mining
20:03 Heavy Plow
20:15 Bow Saw
24:33 Husbandry
31:50 Imperial Age
29:59 Wheelbarrow
30:36 Forging
31:32 Pikeman
32:12 Squires
36:34 Halberdier
37:45 Arson
40:08 Two-Man Saw
39:45 Gold Shaft Mining
39:01 Stone Mining
39:58 Hand Cart
39:46 Cavalier
Mr. Nobody
0:57 Loom
11:25 Feudal Age
16:49 Castle Age
24:39 Fletching
24:40 Double-Bit Axe
24:48 Gold Mining
32:57 Bodkin Arrow
35:22 Squires
34:43 Pikeman
35:40 Stone Mining
邦多利第一耐摔王-莫提斯
10:22 Feudal Age
13:25 Castle Age
11:36 Stone Mining
12:56 Loom
21:35 Double-Bit Axe
21:32 Horse Collar
26:26 Gold Mining
26:41 Heavy Plow
27:00 Fletching
30:49 Wheelbarrow
33:36 Gold Shaft Mining
35:49 Hand Cart
36:11 Bow Saw
38:38 Imperial Age
37:50 Stone Shaft Mining
37:50 Ballistics
39:21 Elite Ballista Elephant
41:21 Crop Rotation
42:08 Conscription
泰拉第一老女人-凯尔希
11:50 Feudal Age
15:14 Castle Age
14:29 Double-Bit Axe
14:26 Horse Collar
17:21 Wheelbarrow
25:21 Stone Mining
25:43 Bow Saw
26:20 Gold Mining
26:37 Heavy Plow
28:30 Hand Cart
28:00 Town Watch
28:01 Loom
31:24 Imperial Age
30:08 Stone Shaft Mining
30:29 Bloodlines
30:19 Husbandry
31:21 Gold Shaft Mining
31:02 Forging
30:57 Scale Barding Armor
30:54 Murder Holes
32:47 Conscription
31:58 Cavalier
32:23 Heavy Camel Rider
34:27 Iron Casting
34:12 Chain Barding Armor
35:58 Conscription
35:48 Citadels
37:15 Chemistry
37:36 Blast Furnace
37:11 Plate Barding Armor
37:03 Cavalier
38:34 Light Cavalry
39:32 Savar
41:04 Padded Archer Armor
42:24 Coinage
Connection lost

Rejoining the realm…

Still unreachable

The connection could not be restored.

Session expired

The server has moved on; the page needs a fresh start.